 Dungeon Crawl Stone Soup version 0.23.2-30-g0e89c35649 (webtiles) character file.

Game seed: 1246816888691424613

110786 Revguard the Severer (level 16, -1/144 HPs)
             Began as a Hill Orc Fighter on June 7, 2019.
             Was the Champion of the Shining One.
             Slain by a salamander
             ... wielding a +3 halberd
              (10 damage)
             ... on level 1 of the Snake Pit.
             The game lasted 01:17:22 (22339 turns).

Revguard the Severer (Hill Orc Fighter)            Turns: 22339, Time: 01:17:22

Health: -1/144     AC:  0    Str: 22    XL:     16   Next: 56%
Magic:  0/27       EV: 16    Int:  8    God:    the Shining One [******]
Gold:   3189       SH:  0    Dex: 14    Spells: 15/15 levels left

rFire    . . .     SeeInvis .   (weapon currently unavailable)
rCold    . . .     Gourm    .   (shield currently unavailable)
rNeg     + + +     Faith    .   (armour currently unavailable)
rPois    .         Spirit   +   (helmet currently unavailable)
rElec    .         Reflect  .   (cloak currently unavailable)
rCorr    .         Harm     .   (gloves currently unavailable)
MR       +....                  (boots currently unavailable)
Stlth    +.........             p - amulet of guardian spirit
HPRegen  0.34/turn              (ring currently unavailable)
MPRegen  0.20/turn              (ring currently unavailable)

@: lethally poisoned (-1 -> -31), pig-form, glowing, very quick
A: small
a: Divine Shield, Cleansing Flame, Summon Divine Warrior, Brand Weapon With Holy
Wrath, Renounce Religion


You were on level 1 of the Snake Pit.
You worshipped the Shining One.
The Shining One was exalted by your worship.
You were not hungry.
You were a filthy swine.
You visited 5 branches of the dungeon, and saw 25 of its levels.
You also visited: Sewer and Ice Cave.

You collected 3525 gold pieces.
You spent 336 gold pieces at shops.

Inventory:

Hand Weapons
 s - a +0 hand axe of flaming
 B - the +10 dark maul {crush}
   (You took it off a crimson imp on level 13 of the Dungeon)

   It inflicts extra damage upon your enemies.
 Q - the +1 broad axe of the King (melded) {chop, +Blink Str+6 Stlth+}
   (You found it in an ice cave)

   It inflicts extra damage upon your enemies.
   It affects your strength (+6).
   It lets you blink.
   It makes you more stealthy.
Armour
 c - a +0 shield (melded)
 n - a scarf of cloud immunity
 q - a +0 pair of gloves (melded)
 r - a scarf of resistance (melded)
 E - a scarf of repulsion
 L - the +0 plate armour of Daisies {rF+ Dex+4 Stlth-}
   (You took it off an orc warrior on level 8 of the Dungeon)

   It affects your dexterity (+4).
   It protects you from fire.
   It makes you less stealthy.
 M - a +2 hat (melded)
 P - the +4 chain mail of the Armoured One (melded) {rElec Int+4 Slay+2}
   (You found it on level 15 of the Dungeon)

   It affects your intelligence (+4).
   It affects your accuracy and damage with ranged weapons and melee attacks
   (+2).
   It insulates you from electricity.
Jewellery
 p - an amulet of guardian spirit (around neck)
 v - a ring of magical power (melded)
 x - an uncursed ring of fire {unknown}
 C - a +3 ring of slaying (melded)
 O - an uncursed ring of resist corrosion
Wands
 a - a wand of acid (3)
 w - a wand of polymorph (19)
 y - a wand of flame (46)
 J - a wand of paralysis (19)
 V - a wand of digging (10)
 W - a wand of scattershot (6)
Scrolls
 e - 6 scrolls of enchant armour
 g - 11 scrolls of teleportation
 i - 2 scrolls of magic mapping
 k - 10 scrolls of remove curse
 l - 9 scrolls of amnesia
 m - 3 scrolls of enchant weapon
 t - 3 scrolls of identify
 F - 2 scrolls of vulnerability
 U - a scroll of holy word
 X - a scroll of fear
 Y - 3 scrolls of fog
Potions
 b - 6 potions of haste
 d - a potion of magic
 h - 8 potions of lignification
 j - 6 potions of might
 o - 3 potions of heal wounds
 u - 10 potions of curing
 A - a potion of ambrosia
 D - 3 potions of berserk rage
 G - 2 potions of brilliance
 I - 2 potions of agility
 S - 2 potions of cancellation
 T - a potion of mutation
Miscellaneous
 N - a sack of spiders
Comestibles
 f - 50 rations


   Skills:
 + Level 13.4 Fighting
 + Level 19.1 Axes
 + Level 10.4 Armour
 + Level 3.5 Dodging
 + Level 13.8 Shields
 * Level 15.8 Invocations
 + Level 9.2 Evocations


You had 15 spell levels left.
You didn't know any spells.
Your spell library contained the following spells:

 Spells                   Type           Power        Failure   Level  Hunger
 Animate Skeleton         Necr           N/A          41%         1    ##.....
 Apportation              Tloc           #.....       41%         1    ##.....
 Confusing Touch          Hex            #.....       41%         1    ##.....
 Corona                   Hex            #......      41%         1    ##.....
 Flame Tongue             Conj/Fire      #....        41%         1    ##.....
 Magic Dart               Conj           #...         41%         1    ##.....
 Sting                    Conj/Pois      #...         41%         1    ##.....
 Summon Small Mammal      Summ           #...         41%         1    ##.....
 Ensorcelled Hibernation  Hex/Ice        #.....       54%         2    ###....
 Poisonous Vapours        Pois/Air       #.....       54%         2    ###....
 Searing Ray              Conj           #.....       54%         2    ###....
 Throw Flame              Conj/Fire      #.....       54%         2    ###....
 Confuse                  Hex            #.......     78%         3    ####...
 Conjure Flame            Conj/Fire      #.......     78%         3    ####...
 Dazzling Spray           Conj/Hex       #.....       78%         3    ####...
 Gell's Gravitas          Tloc           #.........   78%         3    ####...
 Inner Flame              Hex/Fire       #.......     78%         3    ####...
 Mephitic Cloud           Conj/Pois/Air  #.......     78%         3    ####...
 Tukima's Dance           Hex            #.......     78%         3    ####...
 Force Lance              Conj/Tloc      #.......     99%         4    #####..
 Fulminant Prism          Conj/Hex       #.........   99%         4    #####..
 Iskenderun's Mystic Bla  Conj           #.......     99%         4    #####..
 Olgreb's Toxic Radiance  Pois           #.......     99%         4    #####..
 Petrify                  Tmut/Erth      #.......     99%         4    #####..
 Sticky Flame             Conj/Fire      #.......     99%         4    #####..
 Fireball                 Conj/Fire      #.........   100%        5    ######.
 Metabolic Englaciation   Hex/Ice        #.........   100%        5    ######.
 Venom Bolt               Conj/Pois      #.........   100%        5    ######.
 Yara's Violent Unravell  Hex/Tmut       #.........   100%        5    ######.


Dungeon Overview and Level Annotations

Branches:
Dungeon (15/15)            Temple (1/1) D:4            Lair (6/6) D:9
  Swamp (0/4) Lair:3        Snake (1/4) Lair:4        Slime (0/5) Lair:5
    Orc (2/2) D:11            Elf (0/3) Orc:2        Vaults (0/5) D:13
 Depths (0/5) D:15

Altars:
Ashenzari
Cheibriados
Dithmenos
Elyvilon
Fedhas
Gozag
Hepliaklqana
Kikubaaqudgha
Makhleb
Nemelex Xobeh
Okawaru
Qazlal
Ru
Sif Muna
Trog
Uskayaw
Vehumet
Wu Jian
Xom
Yredelemnul
Zin
The Shining One
Beogh

Shops:
D:13 !   D:14 (   D:15 (   Orc:2 !%(:

Portals:
Trove: D:12 (show slimy rune of Zot)

Annotations:
Snake:1 Kirke


Innate Abilities, Weirdness & Mutations

((You are partially covered in large bone plates. (SH +4)))
((Your flesh is cold resistant. (rC+)))


Message History

The hog is almost dead.
You feel somewhat more hungry.
You feel sick.
You hear a shout! x2; You hear an angry hiss. x3
The black mamba bites you!
* * * LOW HITPOINT WARNING * * *
The salamander hits you from afar with a +3 halberd!
* * * LOW HITPOINT WARNING * * *
You are engulfed in flames!
* * * LOW HITPOINT WARNING * * *
You feel much better.
You feel sick. The black mamba bites you.
* * * LOW HITPOINT WARNING * * *
You are lethally poisoned!
The black mamba poisons you! The hog bites you!
* * * LOW HITPOINT WARNING * * *
The black mamba bites you.
* * * LOW HITPOINT WARNING * * *
The salamander hits you from afar with a +3 halberd!!
The Shining One protects you from harm!
You are engulfed in flames!
You die...

#######
#.?...#
#!....#
#(....#
#.....#
#...h.#
#.)@Sh## ..
#..N.S.#...
#........#
#...N.$#.#
###<##.....
#N...##...
#..#.# .#
#?.# ..


You could see Kirke, a salamander, a mana viper, a black mamba, a naga mage, a
hog and a naga.

Vanquished Creatures
  A frost giant (IceCv)
  An ironheart preserver (D:13)
  A fire dragon (D:15)
  A yaktaur captain (D:15)
  4 ogre magi
  Erolcha (D:11)
  5 hydras
  2 ice dragons
  19 two-headed ogres
  The ghost of das the Unseen, a journeyman FeEn of Vehumet (D:15)
  A catoblepas (Lair:6)
  2 centaur warriors (D:13)
  The ghost of barcode the Destroyer, a novice TrCj of Vehumet (D:10)
  10 death yaks
  2 tengu warriors (D:13)
  A queen ant (Lair:2)
  The ghost of Anathary the Covert, a novice NaAs of Dithmenos (D:8)
  Urug (Orc:2)
  Nergalle (Lair:3)
  5 unseen horrors
  A wizard (D:15)
  A glowing orange brain (D:10)
  3 lindwurms (Lair:6)
  A necromancer (Lair:5)
  2 orc knights
  10 ugly things
  A deep elf mage (D:12)
  3 manticores
  2 orc sorcerers
  5 cyclopes
  Joseph (D:7)
  13 elephants
  A naga mage (Snake:1)
  5 black mambas
  A spiny frog (shapeshifter) (D:10)
  13 spiny frogs
  3 gargoyles
  6 torpor snails (Lair:6)
  4 komodo dragons
  5 yaktaurs (D:15)
  A freezing wraith (D:15)
  A yaktaur (shapeshifter) (D:13)
  3 rime drakes
  2 efreet (D:15)
  12 polar bears (IceCv)
  4 trolls
  3 tyrant leeches (Lair:6)
  2 bog bodies (Lair:3)
  3 slime creatures (D:12)
  10 blink frogs (Lair:4)
  8 dream sheep
  7 hornets (Lair:6)
  A centaur simulacrum (D:15)
  7 hippogriffs
  A yak (shapeshifter) (D:10)
  2 wyverns
  2 water elementals (D:14)
  3 hogs (Snake:1)
  42 yaks
  Eustachio (D:5)
  5 basilisks
  3 hungry ghosts
  A neqoxec (D:10)
  3 swamp worms (Lair:3)
  9 wargs
  3 acid dragons
  4 soldier ants
  20 water moccasins
  5 porcupines
  A swamp drake (D:11)
  22 orc warriors
  An elephant zombie (Lair:5)
  A phantom (D:5)
  A sky beast (D:15)
  An eye of draining (D:11)
  6 ice beasts
  A black bear (D:6)
  36 ogres
  5 centaurs
  17 wolves
  14 crocodiles
  A big kobold (D:11)
  7 bullfrogs
  A wyvern zombie (D:13)
  4 wyvern skeletons
  5 scorpions
  13 killer bees
  4 wights (D:10)
  6 electric eels
  14 crimson imps
  3 centaur zombies
  2 quasits
  29 orc priests
  9 hounds
  24 orc wizards
  3 jellies
  A basilisk zombie (Lair:5)
  3 centaur skeletons
  Crazy Yiuf (D:4)
  4 bullfrog skeletons
  35 worker ants
  4 iguanas
  A killer bee zombie (D:5)
  A crocodile zombie (Lair:5)
  A hound skeleton (D:6)
  A howler monkey zombie (D:8)
  2 worker ant zombies (D:7)
  19 adders
  4 river rats
  4 shadow imps
  14 white imps
  3 oozes
  An adder skeleton (D:8)
  An adder zombie (D:8)
  3 worms
  3 dart slugs (D:1)
  10 leopard geckos
  110 orcs
  5 bats
  3 giant cockroaches
  5 goblins
  2 hobgoblins
  12 jackals
  A quokka (D:6)
  10 ball pythons
  8 frilled lizards
  A jackal zombie (D:8)
  14 kobolds
  3 quokka zombies
  15 rats
  4 fungi
  5 plants
855 creatures vanquished.

Vanquished Creatures (collateral kills)
  An ogre mage (Orc:2)
  4 two-headed ogres (Orc:2)
  An orc knight (Orc:2)
  A yak (IceCv)
  2 ogres (Orc:2)
  An orc wizard (Orc:2)
10 creatures vanquished.

Vanquished Creatures (others)
  An elephant zombie (Lair:5)
  2 wolves (IceCv)
  A fungus (Lair:4)
  2 plants (Lair:6)
6 creatures vanquished.

Grand Total: 871 creatures vanquished

Notes
Turn   | Place    | Note
-------+----------+-------------------------------------------
     0 | D:1      | Revguard the Hill Orc Fighter began the quest for the Orb.
     0 | D:1      | Reached XP level 1. HP: 19/19 MP: 1/1
    97 | D:1      | Reached skill level 3 in Axes
    97 | D:1      | Reached XP level 2. HP: 13/27 MP: 2/2
   302 | D:1      | Found a snail-covered altar of Cheibriados.
   621 | D:1      | Reached XP level 3. HP: 27/33 MP: 3/3
  1019 | D:2      | Reached skill level 4 in Axes
  1149 | D:2      | Found a white marble altar of Elyvilon.
  1233 | D:2      | Became a worshipper of Elyvilon the Healer
  1529 | D:3      | Reached XP level 4. HP: 40/40 MP: 4/4
  1612 | D:3      | Reached * piety under Elyvilon
  2246 | D:4      | Reached skill level 1 in Invocations
  2246 | D:4      | Reached XP level 5. HP: 16/46 MP: 2/5
  2492 | D:4      | Reached skill level 5 in Axes
  2508 | D:4      | Reached ** piety under Elyvilon
  2516 | D:4      | Reached XP level 6. HP: 18/52 MP: 3/7
  2536 | D:4      | Reached skill level 5 in Shields
  2684 | D:4      | Found a runed translucent door.
  2685 | D:4      | Noticed Crazy Yiuf
  2782 | D:4      | Killed Crazy Yiuf
  3082 | D:4      | Found a staircase to the Ecumenical Temple.
  3091 | Temple   | Entered the Ecumenical Temple
  3151 | Temple   | Fell from the grace of Elyvilon
  3151 | Temple   | Became a worshipper of the Shining One
  3213 | D:4      | Reached * piety under the Shining One
  3222 | D:4      | Reached skill level 6 in Axes
  3222 | D:4      | Reached XP level 7. HP: 47/60 MP: 6/9
  3396 | D:4      | Found a burning altar of Makhleb.
  3573 | D:5      | Entered Level 5 of the Dungeon
  3713 | D:5      | Found a blossoming altar of Fedhas.
  3758 | D:5      | Reached skill level 7 in Axes
  3767 | D:5      | Reached XP level 8. HP: 7/67 MP: 3/10
  3773 | D:5      | HP: 3/67 [phantom (5)]
  3775 | D:5      | The Shining One protects you from harm!
  3779 | D:5      | Reached skill level 5 in Fighting
  4090 | D:5      | Noticed Eustachio
  4105 | D:5      | Killed Eustachio
  4105 | D:5      | Reached skill level 5 in Armour
  4171 | D:5      | Found a glowing silver altar of Zin.
  4378 | D:6      | Reached ** piety under the Shining One
  4392 | D:6      | Reached skill level 8 in Axes
  4434 | D:6      | Reached skill level 5 in Invocations
  4454 | D:6      | Reached skill level 9 in Axes
  4467 | D:6      | Reached XP level 9. HP: 42/75 MP: 10/12
  4523 | D:6      | Found a glowing drain.
  4556 | Sewer    | Entered a sewer
  4950 | D:6      | Found a sacrificial altar of Ru.
  4950 | D:6      | Found a snail-covered altar of Cheibriados.
  4954 | D:6      | Found a burning altar of Makhleb.
  5352 | D:7      | Noticed Joseph
  5365 | D:7      | Killed Joseph
  5365 | D:7      | Reached skill level 10 in Axes
  5382 | D:7      | Got a slimy ring mail
  5393 | D:7      | Identified the +3 ring mail of Lilacs {rN+} (You found it
                  | on level 7 of the Dungeon)
  6062 | D:7      | You fall through a shaft for 3 floors!
  6062 | D:10     | Entered Level 10 of the Dungeon
  6062 | D:10     | Reached *** piety under the Shining One
  6076 | D:10     | Reached skill level 1 in Evocations
  6474 | D:10     | Noticed a red ugly thing
  6487 | D:10     | Killed a red ugly thing
  6487 | D:10     | Reached skill level 1 in Dodging
  6487 | D:10     | Reached XP level 10. HP: 45/84 MP: 6/15
  6695 | D:10     | Noticed an unseen horror
  6706 | D:10     | Killed an unseen horror
  6706 | D:10     | Reached skill level 11 in Axes
  6726 | D:10     | Found a runed translucent gate.
  6726 | D:10     | Found a runed translucent gate.
  6728 | D:10     | Noticed a white ugly thing
  6729 | D:10     | Found a runed translucent gate.
  6729 | D:10     | Noticed a purple ugly thing
  6729 | D:10     | Noticed a brown ugly thing
  6729 | D:10     | Noticed a cyan ugly thing
  6729 | D:10     | Noticed a cyan ugly thing
  6731 | D:10     | Noticed a purple ugly thing
  6733 | D:10     | Noticed a glowing orange brain
  6890 | D:10     | Noticed a four-headed hydra
  6901 | D:10     | Killed a four-headed hydra
  6977 | D:10     | Found a sacrificial altar of Ru.
  7267 | D:9      | Noticed a two-headed ogre
  7285 | D:9      | Killed a two-headed ogre
  7285 | D:9      | Reached skill level 12 in Axes
  7583 | D:9      | Reached XP level 11. HP: 56/92 MP: 9/17
  7796 | D:9      | Found a staircase to the Lair.
  7830 | D:9      | Identified a scroll of acquirement
  7903 | D:9      | Reached **** piety under the Shining One
  8042 | D:8      | Found a glowing silver altar of Zin.
  8118 | D:8      | Noticed a two-headed ogre
  8129 | D:8      | Killed a two-headed ogre
  8392 | D:8      | Reached skill level 13 in Axes
  8674 | D:8      | Found a runed translucent gate.
  8674 | D:8      | Found a runed translucent gate.
  8676 | D:8      | Found a runed translucent gate.
  8678 | D:8      | Identified the +7 glaive of Reason {freeze, Int+2}
  8678 | D:8      | Identified the cursed +0 plate armour of Daisies {rF+ Dex+4
                  | Stlth-}
  8679 | D:8      | Noticed Anathary's ghost (novice NaAs)
  8680 | D:8      | Found a roughly hewn altar of Beogh.
  8707 | D:8      | Killed Anathary's ghost
  9482 | D:11     | Noticed a manticore
  9494 | D:11     | Killed a manticore
  9501 | D:11     | Reached skill level 5 in Evocations
  9549 | D:11     | Reached ***** piety under the Shining One
  9552 | D:11     | Found a frozen archway.
  9582 | IceCv    | Entered an ice cave
  9862 | IceCv    | Reached skill level 10 in Shields
  9882 | IceCv    | Reached XP level 12. HP: 84/103 MP: 15/19
  9932 | IceCv    | Reached skill level 14 in Axes
 10128 | IceCv    | Noticed a death yak
 10128 | IceCv    | Noticed a death yak
 10141 | IceCv    | Killed a death yak
 10150 | IceCv    | Killed a death yak
 10150 | IceCv    | Reached skill level 10 in Invocations
 10256 | IceCv    | Noticed a death yak
 10256 | IceCv    | Noticed a frost giant
 10256 | IceCv    | Noticed a death yak
 10286 | IceCv    | Killed a death yak
 10292 | IceCv    | Killed a death yak
 10299 | IceCv    | Killed a frost giant
 10299 | IceCv    | Reached skill level 15 in Axes
 10552 | IceCv    | Got a shimmering broad axe
 10558 | IceCv    | Identified the +1 broad axe of the King {chop, +Blink Str+6
                  | Stlth+} (You found it in an ice cave)
 11058 | D:11     | Noticed Erolcha
 11068 | D:11     | Killed Erolcha
 11068 | D:11     | Reached XP level 13. HP: 111/111 MP: 21/21
 11517 | D:11     | Found a staircase to the Orcish Mines.
 11927 | D:10     | Found a runed translucent gate.
 11927 | D:10     | Found a runed translucent gate.
 11934 | D:10     | Found a runed translucent gate.
 11942 | D:10     | Gained mutation: You occasionally shout uncontrollably at
                  | your foes. [potion of mutation]
 11942 | D:10     | Gained mutation: You are partially covered in large bone
                  | plates. (SH +4) [potion of mutation]
 11943 | D:10     | Noticed barcode's ghost (novice TrCj)
 11965 | D:10     | Killed barcode's ghost
 11965 | D:10     | Reached skill level 16 in Axes
 12391 | D:12     | Lost mutation: You are partially covered in large bone
                  | plates. (SH +4) [potion of mutation]
 12391 | D:12     | Lost mutation: You occasionally shout uncontrollably at
                  | your foes. [potion of mutation]
 12391 | D:12     | Gained mutation: Your spells are a little harder to cast,
                  | but a little more powerful. [potion of mutation]
 12391 | D:12     | Gained mutation: Your magical capacity is low. (-10% MP)
                  | [potion of mutation]
 12391 | D:12     | Gained mutation: You have large cloven feet. [potion of
                  | mutation]
 12392 | D:12     | Lost mutation: Your magical capacity is low. (-10% MP)
                  | [potion of mutation]
 12392 | D:12     | Lost mutation: Your spells are a little harder to cast, but
                  | a little more powerful. [potion of mutation]
 12392 | D:12     | Lost mutation: You have large cloven feet. [potion of
                  | mutation]
 12392 | D:12     | Gained mutation: You are partially covered in large bone
                  | plates. (SH +4) [potion of mutation]
 12392 | D:12     | Gained mutation: Your flesh is cold resistant. (rC+)
                  | [potion of mutation]
 13098 | D:12     | Found a portal to a secret trove of treasure.
 13183 | D:13     | Reached skill level 10 in Fighting
 13306 | D:13     | Found Goquer's Distillery.
 13410 | D:13     | Reached ****** piety under the Shining One
 13481 | D:13     | Noticed an ironheart preserver
 13498 | D:13     | Killed an ironheart preserver
 13499 | D:13     | Found a gate to the Vaults.
 13901 | D:14     | Found Niengu's Weapon Emporium.
 13927 | D:14     | Reached XP level 14. HP: 106/122 MP: 23/23
 13965 | D:14     | Reached skill level 17 in Axes
 14197 | D:14     | You fall through a shaft!
 14197 | D:15     | Entered Level 15 of the Dungeon
 14282 | D:15     | Found Reonamm's Weapon Shoppe.
 14673 | D:15     | Found a staircase to the Depths.
 14812 | D:15     | Paralysed by an ogre mage for 2 turns
 14853 | D:15     | Got an encrusted chain mail
 14864 | D:15     | Identified the +4 chain mail of the Armoured One {rElec
                  | Int+4 Slay+2} (You found it on level 15 of the Dungeon)
 14903 | D:15     | Found a runed translucent gate.
 14904 | D:15     | Found a runed translucent gate.
 14904 | D:15     | Found a runed translucent gate.
 14906 | D:15     | Found an opulent altar of Gozag.
 14906 | D:15     | Noticed das's ghost (journeyman FeEn)
 14960 | D:15     | Killed das's ghost
 15454 | Orc:1    | Entered Level 1 of the Orcish Mines
 15567 | Orc:2    | Entered Level 2 of the Orcish Mines
 15571 | Orc:2    | Noticed Urug
 15585 | Orc:2    | Killed Urug
 15592 | Orc:2    | Reached skill level 18 in Axes
 15596 | Orc:2    | Reached XP level 15. HP: 19/130 MP: 6/25
 15605 | Orc:1    | Found a radiant altar of Vehumet.
 16405 | Orc:2    | Found a staircase to the Elven Halls.
 16447 | Orc:2    | Found Liwet's Food Boutique.
 16447 | Orc:2    | Found Zuimagoz's Book Emporium.
 16451 | Orc:2    | Found Ibraexat's Distillery.
 16451 | Orc:2    | Found Bihec's Antique Weapon Boutique.
 16464 | Orc:2    | Bought 2 potions of heal wounds for 160 gold pieces
 16464 | Orc:2    | Bought a potion of curing for 48 gold pieces
 16464 | Orc:2    | Bought a potion of heal wounds for 80 gold pieces
 16464 | Orc:2    | Bought a potion of curing for 48 gold pieces
 16781 | Lair:1   | Entered Level 1 of the Lair of Beasts
 17503 | Lair:2   | Found a bloodstained altar of Trog.
 17976 | Lair:3   | Noticed Nergalle
 17987 | Lair:3   | Killed Nergalle
 18281 | Lair:3   | Found a staircase to the Swamp.
 18857 | Lair:4   | Found a staircase to the Snake Pit.
 20068 | Lair:5   | Reached skill level 15 in Invocations
 20158 | Lair:5   | Reached XP level 16. HP: 118/141 MP: 27/27
 20481 | Lair:5   | Found a staircase to the Slime Pits.
 20769 | Lair:6   | Entered Level 6 of the Lair of Beasts
 20838 | Lair:6   | Reached skill level 10 in Armour
 20972 | Lair:6   | Found a runed translucent door.
 21080 | Lair:6   | Paralysed by a hornet for 3 turns
 21741 | Lair:6   | Reached skill level 19 in Axes
 22326 | Snake:1  | Entered Level 1 of the Snake Pit
 22327 | Snake:1  | Noticed Kirke
 22338 | Snake:1  | HP: 6/144 [salamander/+3 halberd (10)]
 22339 | Snake:1  | The Shining One protects you from harm!
 22339 | Snake:1  | Slain by a salamander

Skill      XL: |  1  2  3  4  5  6  7  8  9 10 11 12 13 14 15 16 |
---------------+-------------------------------------------------+-----
Axes           | 3 4 5 6 7 9 10 12 13 15 16 18 19 | 19.1
Shields        | 4 5 6 8 9 10 11 12 13 | 13.8
Armour         | 4 5 6 7 8 9 10 | 10.4
Fighting       | 4 5 6 7 8 9 10 11 12 13 | 13.4
Invocations    | 1 3 5 6 8 9 10 12 13 15 | 15.8
Evocations     | 2 3 5 7 8 9 |  9.2
Dodging        | 1 2 3 |  3.5

Action                   |  1- 3 |  4- 6 |  7- 9 | 10-12 | 13-15 | 16-18 || total
-------------------------+-------+-------+-------+-------+-------+-------++-------
Melee: War axe           |   116 |   156 |   262 |       |       |       ||   534
       Broad axe         |       |       |    73 |   508 |   815 |   193 ||  1589
       Hand axe          |       |       |       |       |    19 |     5 ||    24
       Unarmed           |       |       |       |       |       |     1 ||     1
Invok: Lesser Healing    |       |     1 |       |       |       |       ||     1
       Divine Shield     |       |       |     3 |     1 |     1 |       ||     5
       Cleansing Flame   |       |       |       |     1 |    11 |     3 ||    15
       Summon Divine War |       |       |       |       |     2 |       ||     2
Evoke: Wand              |       |       |     5 |    14 |     6 |     5 ||    30
       Sack of spiders   |       |       |       |     1 |       |       ||     1
  Use: Potion            |     5 |     3 |     3 |     6 |    10 |     1 ||    28
       Scroll            |       |     7 |     7 |     7 |    10 |     1 ||    32
  Eat: Chunk             |     1 |     6 |    12 |    16 |    27 |     6 ||    68
       Ration            |       |       |       |       |     2 |     1 ||     3
Armor: Scale mail        |    21 |       |       |       |       |       ||    21
       Chain mail        |    47 |   100 |       |       |    91 |    74 ||   312
       Skin              |       |    23 |    16 |       |       |       ||    39
       Plate armour      |       |       |   119 |   105 |   105 |       ||   329
       Ring mail         |       |       |    21 |    59 |       |       ||    80
Dodge: Dodged            |    38 |    37 |    53 |   143 |   134 |    55 ||   460
Block: Shield            |    89 |    88 |   216 |   265 |   565 |   136 ||  1359
